Map: [ESL] Site Delta

Players

Dark

  • Race: Zerg Zerg
  • Spawn Location: 11:00

Spirit - Winner!

  • Race: Terran Terran
  • Spawn Location: 5:00

Event: ESL SC2 Masters 2023 Winter (Finals)

VOD

Have the link to the VOD?

Description

Time

  • Played on: Dec. 15, 2023, 2:47 p.m.
  • Length: 12:12

All games in this series

Show
View Real Time Build Order
Export as new Build Order

Dark Zerg 

Build Orders: Hatch First 

Get SALT Encoding   

  12  0:00  Drone  
  13  0:12  Overlord  
  13  0:17  Drone  
  14  0:31  Drone x2  
  16  0:47  Hatchery  
  15  0:51  Drone  
  15  0:54  Drone  
  17  0:58  Drone  
  18  1:08  Extractor  
  17  1:13  Spawning Pool  
  17  1:16  Drone  
  17  1:19  Drone  
  18  1:28  Drone  
  19  1:38  Drone  
  20  1:49  Drone  
  21  2:00  Queen x2  
  25  2:01  Zergling x4  
  27  2:11  Overlord  
  27  2:13  Drone  
  28  2:20  Hatchery  
  27  2:23  Drone  
  28  2:33  Drone  
  28  2:36  Drone, Queen  
  32  2:41  Overlord  
  32  2:45  Drone x2  
  34  2:53  Drone x2  
  36  2:59  Queen  
  36  3:02  Metabolic Boost  
  36  3:04  Drone  
  39  3:09  Drone x3  
  42  3:13  Overlord  
  42  3:16  Drone  
  42  3:17  Drone  
  44  3:28  Overlord  
  44  3:30  Queen  
  44  3:32  Queen  
  44  3:33  Drone  
  49  3:35  Drone  
  49  3:37  Drone  
  51  3:43  Drone x2  
  53  3:49  Zergling x2  
  53  3:50  Zergling x2  
  53  3:53  Overlord  
  53  3:54  Drone x3  
  53  3:55  Drone x2  
  60  3:58  Drone  
  60  4:01  Drone  
  62  4:08  Queen  
  64  4:13  Drone x5  
  64  4:14  Drone x2  
  71  4:17  Extractor  
  71  4:19  Lair  
  71  4:20  Extractor  
  71  4:21  Drone  
  71  4:22  Drone  
  71  4:27  Baneling Nest  
  71  4:28  Overlord  
  71  4:29  Zergling x2  
  71  4:30  Zergling x2  
  72  4:33  Overlord  
  72  4:35  Drone x2  
  73  4:38  Overlord  
  73  4:42  Spore Crawler, Overlord  
  73  4:45  Spore Crawler  
  71  4:48  Drone x4  
  71  4:50  Drone x2  
  71  4:51  Drone  
  78  4:58  Drone x3  
  81  5:06  Hatchery  
  81  5:07  Drone x2  
  82  5:11  Extractor x2  
  82  5:12  Drone x2, Evolution Chamber  
  82  5:13  Evolution Chamber  
  80  5:15  Drone x2  
  82  5:21  Centrifugal Hooks  
  82  5:22  Drone x3  
  82  5:23  Drone  
  82  5:25  Drone x2  
  88  5:31  Drone x3  
  91  5:38  Hatchery  
  91  5:41  Zerg Melee Weapons Level 1, Infestation Pit  
  89  5:43  Zerg Ground Armor Level 1  
  89  5:47  Burrow  
  89  5:50  Drone x4  
  89  5:56  Zergling x12  
  99  6:04  Hatchery  
  99  6:05  Zergling x4  
  99  6:09  Zergling x8  
  104  6:11  Zergling x2  
  104  6:14  Overlord  
  104  6:15  Overlord  
  104  6:17  Zergling x2  
  104  6:18  Zergling x2  
  107  6:21  Baneling x2  
  107  6:23  Hive  
  107  6:27  Drone  
  107  6:32  Zergling x8  
  112  6:36  Baneling x12  
  112  6:41  Zergling x2  
  112  6:42  Zergling x10  
  117  6:51  Zergling x22  
  128  6:56  Zergling x4  
  128  7:00  Zergling x8  
  131  7:03  Zergling x2  
  131  7:04  Baneling  
  131  7:05  Baneling x8  
  131  7:11  Zergling x4  
  129  7:16  Zergling x18  
  129  7:19  Zergling x4  
  129  7:21  Baneling x7  
  137  7:27  Zergling x14  
  135  7:30  Zergling x2  
  135  7:31  Zergling x2  
  135  7:33  Baneling x2  
  135  7:34  Overlord  
  132  7:37  Overlord  
  132  7:41  Queen  
  132  7:42  Queen  
  131  7:45  Zergling x4  
  118  7:52  Overlord x2  
  118  7:55  Zergling x12  
  118  7:57  Baneling x14  
  120  8:02  Zergling x4  
  117  8:17  Zergling x8  
  117  8:18  Zergling x2  
  117  8:19  Zergling x2  
  105  8:21  Baneling  
  105  8:22  Baneling x4  
  105  8:23  Baneling x5  
  105  8:24  Zergling x2  
  105  8:25  Ultralisk Cavern  
  105  8:26  Baneling  
  79  8:35  Zergling x2  
  79  8:36  Zergling x8  
  76  8:43  Zergling x4  
  76  8:45  Adrenal Glands  
  76  8:47  Zergling x2  
  68  8:51  Drone x3  
  68  8:53  Zergling x18  
  76  8:56  Baneling x4  
  76  8:57  Baneling  
  75  9:03  Zergling x10  
  78  9:11  Zergling x6  
  78  9:14  Zergling x2  
  79  9:23  Ultralisk  
  79  9:24  Zergling x4  
  83  9:33  Zergling x10  
  88  9:38  Drone  
  88  9:40  Drone x2  
  88  9:42  Drone  
  90  9:48  Infestor  
  86  10:05  Viper, Hatchery  
  86  10:06  Drone x2  
  90  10:08  Drone  
  90  10:21  Baneling x3  
  90  10:22  Zergling x10  
  90  10:23  Zergling x2, Extractor  
  89  10:38  Zergling x16  
  78  10:50  Zergling x6  
  78  10:53  Infestor, Queen x2  
  83  11:08  Ultralisk  
  89  11:13  Baneling x4  
Show
View Real Time Build Order
Export as new Build Order

Spirit Terran - Winner!

Build Orders: Command Center First, Hellion Banshee 

Get SALT Encoding   

  12  0:00  SCV  
  13  0:12  SCV  
  14  0:16  Supply Depot  
  14  0:24  SCV  
  15  0:38  SCV  
  16  0:50  SCV  
  17  0:58  Command Center  
  17  1:02  SCV  
  18  1:12  Barracks  
  18  1:15  SCV  
  19  1:21  Refinery  
  19  1:27  SCV  
  19  1:30  Refinery  
  20  1:39  SCV  
  21  1:52  SCV  
  22  2:00  Reaper  
  23  2:04  Orbital Command  
  23  2:10  Orbital Command  
  23  2:19  Factory  
  23  2:23  Supply Depot  
  23  2:31  SCV  
  23  2:35  Barracks Reactor  
  23  2:36  SCV  
  25  2:43  SCV  
  26  2:48  SCV  
  27  2:53  Command Center  
  27  2:55  SCV  
  28  3:00  SCV  
  29  3:07  SCV, Starport  
  29  3:12  SCV  
  31  3:14  Hellion  
  31  3:16  Barracks Tech Lab  
  31  3:18  Hellion  
  31  3:19  SCV  
  36  3:23  Supply Depot  
  36  3:26  SCV  
  37  3:32  SCV  
  38  3:38  SCV  
  38  3:39  Hellion x2  
  38  3:41  Barracks Tech Lab  
  43  3:44  SCV  
  44  3:50  SCV  
  44  3:51  Banshee  
  48  3:56  SCV  
  48  3:59  Stimpack, Marine  
  48  4:02  SCV  
  53  4:03  Hellion  
  53  4:05  Hellion  
  53  4:06  Orbital Command  
  55  4:11  Barracks  
  55  4:14  Barracks  
  56  4:17  SCV  
  56  4:18  Marine  
  56  4:22  SCV  
  58  4:32  Refinery  
  58  4:33  Refinery  
  58  4:36  SCV  
  58  4:37  Barracks  
  59  4:39  SCV  
  59  4:40  SCV  
  59  4:41  Starport Reactor  
  59  4:44  Barracks  
  59  4:45  Supply Depot  
  61  4:49  SCV  
  61  4:50  Engineering Bay  
  61  4:51  SCV, Engineering Bay  
  63  4:55  Siege Tank  
  63  4:56  SCV  
  68  5:00  Barracks Reactor  
  68  5:01  Barracks Reactor, SCV  
  68  5:08  SCV x2  
  68  5:12  Supply Depot  
  68  5:13  SCV  
  71  5:18  Terran Infantry Weapons Level 1, Supply Depot  
  71  5:19  Terran Infantry Armor Level 1  
  71  5:22  Marine, Supply Depot  
  71  5:25  Starport Reactor  
  71  5:26  Marine x2  
  74  5:29  Siege Tank  
  74  5:30  Orbital Command  
  77  5:36  Marine x2  
  77  5:38  Combat Shield, Marine  
  77  5:39  Marine  
  77  5:40  Marine  
  77  5:41  Supply Depot  
  82  5:43  Marine  
  82  5:45  Supply Depot, Marine x2  
  82  5:48  Marine  
  86  5:54  Marine x2  
  88  5:58  Marine  
  88  6:01  Siege Tank, Medivac  
  88  6:04  Marine x4  
  95  6:07  Supply Depot  
  95  6:08  Medivac  
  95  6:10  Marine x2  
  102  6:12  Marine x2  
  102  6:16  Marine  
  105  6:21  Marine  
  105  6:22  Supply Depot, Marine x2  
  105  6:23  Marine  
  109  6:27  Marine  
  109  6:29  Marine  
  109  6:30  Marine x2  
  112  6:33  Siege Tank  
  112  6:34  Marine  
  112  6:39  Marine x3  
  117  6:41  Marine  
  117  6:42  Medivac  
  117  6:45  Marine  
  117  6:46  Marine  
  121  6:47  Marine  
  121  6:48  Marine, Medivac  
  121  6:51  Marine  
  126  6:55  Supply Depot  
  126  6:57  Marine x3  
  126  6:58  Marine, Supply Depot  
  129  7:03  Marine  
  129  7:04  Marine  
  129  7:05  Marine x2  
  132  7:08  Orbital Command  
  132  7:09  Marine  
  132  7:15  Medivac, Marine x3  
  133  7:17  Marine  
  133  7:21  Marine  
  133  7:22  Marine  
  134  7:23  Marine x2  
  134  7:27  Marine  
  128  7:33  Marine x3  
  128  7:34  Marine  
  124  7:39  Marine  
  124  7:40  Marine  
  124  7:41  Marine  
  124  7:42  Marine  
  105  7:52  Marine  
  105  7:54  Marine x2  
  105  7:57  Marine  
  108  8:00  Marine  
  108  8:04  Marine  
  109  8:07  Marine  
  109  8:08  Marine  
  109  8:09  Marine  
  109  8:14  Marine  
  109  8:16  Marine  
  109  8:17  Marine  
  109  8:19  Marine  
  93  8:21  Marine  
  93  8:27  Marine  
  94  8:28  Marine  
  94  8:31  Marine  
  94  8:32  Marine  
  95  8:38  Marine  
  86  8:44  Siege Tank  
  86  8:48  Liberator  
  84  8:51  Marine  
  84  8:55  Liberator  
  84  8:57  Marine  
  84  9:00  Marine  
  86  9:05  Marine  
  86  9:09  Marine x3  
  89  9:11  Marine  
  86  9:20  Siege Tank  
  84  9:24  Marine  
  84  9:26  Marine  
  84  9:27  Orbital Command  
  84  9:29  Marine  
  87  9:35  Liberator  
  87  9:40  Marine x2  
  87  9:44  Liberator  
  92  9:51  Marine x3  
  93  9:55  Marine  
  90  10:00  Marine  
  90  10:01  Marine x2  
  93  10:11  Marine  
  93  10:18  Liberator  
  93  10:19  Marine  
  93  10:20  Marine  
  93  10:30  Liberator  
  93  10:34  Marine x2  
  93  10:35  Marine  
  97  10:37  Marine  
  97  10:39  Marine  
  99  10:43  Marine  
  100  10:54  Marine  
  100  10:56  Marine  
  100  11:00  Siege Tank, Marine  
  100  11:01  Liberator, Marine  
  100  11:02  Marine x3  
  108  11:05  Marine  
  108  11:09  Marine  
  110  11:12  Marine  
  110  11:16  Marine  
  110  11:18  Marine  
  113  11:21  Marine  
  114  11:29  Marine  
  114  11:34  Marine  
  114  11:35  Marine  
  107  11:40  Marine  
Tags
 
Add a new tag
Caveats
  • Supply blocks, unpowered buildings, or Contaminate may cause inaccurate times.
  • Supply counts are checked every 10 seconds.